 Dungeon Crawl Stone Soup version 0.29.1-4-g47bece8355 (webtiles) character file.

Game seed: 12831335311106839131

1695 ChadusMaximus the Trooper (level 8, -4/74 HPs)
             Began as a Minotaur Fighter on Dec 10, 2022.
             Was an Initiate of Okawaru.
             Slain by a sky beast (6 damage)
             ... on level 7 of the Dungeon.
             The game lasted 00:05:35 (5777 turns).

ChadusMaximus the Trooper (Minotaur Fighter)        Turns: 5777, Time: 00:05:36

Health: -4/74      AC: 18    Str: 24    XL:     8   Next: 72%
Magic:  7/7        EV:  6    Int:  5    God:    Okawaru [......]
Gold:   355        SH:  5    Dex:  9    Spells: 7/7 levels left

rFire   . . .      SeeInvis .   a - +0 war axe
rCold   + . .      Faith    .   c - +0 buckler
rNeg    . . .      Spirit   .   v - +0 plate armour
rPois   .          Reflect  .   (helmet restricted)
rElec   .          Harm     .   (no cloak)
rCorr   .          Rampage  .   y - +0 pair of gloves
Will    .....                   (no boots)
Stlth   ..........              (no amulet)
HPRegen 0.22/turn               A - ring of protection from cold
MPRegen 0.10/turn               m - +4 ring of protection

@: no status effects
A: horns 2, retaliatory headbutt
a: Renounce Religion


You were on level 7 of the Dungeon.
You worshipped Okawaru.
Okawaru was noncommittal.
You visited 1 branch of the dungeon, and saw 7 of its levels.
You also visited: Ossuary.

You collected 355 gold pieces.

Inventory:

Hand Weapons
 a - a +0 war axe (weapon)
Missiles
 e - 18 poisoned darts
 x - 2 boomerangs of dispersal (quivered)
Armour
 b - a +0 scale mail
 c - a +0 buckler (worn)
 t - a +0 chain mail
 v - a +0 plate armour (worn)
 y - a +0 pair of gloves (worn)
Jewellery
 k - a ring of poison resistance
 m - a +4 ring of protection (right hand)
 A - a ring of protection from cold (left hand)
Scrolls
 h - a scroll of vulnerability {unknown}
 l - 2 scrolls of immolation {unknown}
 n - 4 scrolls of enchant weapon
 p - a scroll of butterflies
 q - 3 scrolls of teleportation
 r - 2 scrolls of poison
 w - a scroll of blinking
 C - a scroll of magic mapping {unknown}
 D - 2 scrolls of silence {unknown}
 E - 2 scrolls of amnesia {unknown}
 F - a scroll of enchant armour {unknown}
 G - a scroll of fear {unknown}
Potions
 d - 3 potions of might
 f - 4 potions of invisibility {unknown}
 g - 2 potions of mutation {unknown}
 i - a potion of brilliance {unknown}
 j - 2 potions of lignification {unknown}
 o - 2 potions of degeneration {unknown}
 s - 2 potions of resistance {unknown}
 u - a potion of attraction {unknown}
 z - 2 potions of cancellation {unknown}
 B - 2 potions of heal wounds {unknown}


   Skills:
 + Level 7.6 Fighting
 + Level 7.1 Axes
 + Level 7.5 Armour
 + Level 7.6 Shields


You had 7 spell levels left.
You didn't know any spells.
Your spell library contained the following spells:

 Spells                   Type           Power      Damage    Failure   Level
 Foxfire                  Conj/Fire      0%         2x1d4     100%        1
 Scorch                   Fire           0%         2d5       100%        2
 Conjure Flame            Conj/Fire      0%         6-21      100%        3
 Inner Flame              Hex/Fire       0%         N/A       100%        3
 Flame Wave               Conj/Fire      0%         2d4       100%        4
 Summon Small Mammal      Summ           Unusable   N/A       N/A         1
 Call Canine Familiar     Summ           Unusable   N/A       N/A         3
 Summon Guardian Golem    Hex/Summ       Unusable   N/A       N/A         3
 Summon Cactus Giant      Summ           Unusable   N/A       N/A         6

Dungeon Overview and Level Annotations

Branches:
Dungeon (7/15)             Temple (0/1) D:6         Ossuary (visited)

Altars:
Ashenzari
Okawaru


Innate Abilities, Weirdness & Mutations

You have a pair of horns on your head.
You reflexively headbutt those who attack you in melee.


Message History

The wight attacks as you move away!
The wight hits you with a +0 dire flail.
You feel drained. The wight attacks as you move away!
The wight barely misses you.
There is a stone staircase leading down here.
The wight closely misses you.
The wight hits you from afar with a +0 halberd!
You climb downwards.
There is a stone staircase leading up here.
You closely miss the wight.
The wight is almost destroyed.
The wight completely misses you.
You barely miss the wight.
The wight is almost destroyed.
The wight hits you but does no damage.
The sky beast flickers out of sight!
Deactivating autopickup; reactivate with Ctrl-A.
The wight hits you with a +0 dire flail!
* * * LOW HITPOINT WARNING * * *
You slash the wight!
You destroy the wight!
Okawaru accepts your kill.
You miss something. You block something's attack.
Your life force feels restored.
You barely miss something. Something hits you.
* * * LOW HITPOINT WARNING * * *
Something shocks you.
* * * LOW HITPOINT WARNING * * *
You miss something.
Something hits you but does no damage. x2
You slash something! Something hits you.
* * * LOW HITPOINT WARNING * * *
Something shocks you.
* * * LOW HITPOINT WARNING * * *
You miss something. Your headbutt misses something.
Something hits you but does no damage.
You closely miss something. Your headbutt misses something.
Something hits you but does no damage.
You miss something. Something hits you.
* * * LOW HITPOINT WARNING * * *
Something shocks you.
You die...

.......
.....
.....
... ...
#.# #.#
#@# #)#
#.# #.#
..# ###


There were no monsters in sight!

Vanquished Creatures
  Pikel (D:4)
  An orc warrior (D:5)
  A sky beast (D:6)
  An ice beast (D:6)
  An ogre (D:6)
  A kobold brigand (D:4)
  3 scorpions
  3 wights
  2 hounds
  2 orc priests
  2 iguanas
  Terence (D:2)
  3 orc wizards (D:5)
  A mummy (Ossuary)
  5 adders
  A white imp (D:5)
  A worm (D:2)
  5 dart slugs
  9 orcs
  A spectral bat (Ossuary)
  8 ball pythons
  7 bats
  5 endoplasms
  2 giant cockroaches (D:1)
  6 hobgoblins
  3 jackals (D:1)
  5 quokkas
  5 bat simulacra (Ossuary)
  3 frilled lizards
  12 gnoll zombies (Ossuary)
  10 goblins
  4 goblin simulacra (Ossuary)
  6 goblin zombies (Ossuary)
  2 hobgoblin zombies (Ossuary)
  7 kobolds
  8 kobold simulacra (Ossuary)
  6 kobold zombies (Ossuary)
  4 orc zombies (Ossuary)
  7 rats
  3 rat simulacra (Ossuary)
  5 spectral goblins (Ossuary)
  4 spectral kobolds (Ossuary)
  5 spectral rats (Ossuary)
172 creatures vanquished.

Notes
Turn   | Place    | Note
-------+----------+-------------------------------------------
     0 | D:1      | ChadusMaximus the Minotaur Fighter began the quest for the
                  | Orb.
     0 | D:1      | Reached XP level 1. HP: 19/19 MP: 0/0
   263 | D:1      | Reached XP level 2. HP: 25/27 MP: 1/1
   788 | D:1      | Reached XP level 3. HP: 33/33 MP: 2/2
  1672 | D:2      | Noticed Terence
  1688 | D:2      | Killed Terence
  1689 | D:2      | Reached XP level 4. HP: 31/41 MP: 3/3
  2489 | D:3      | Found a faded altar of an unknown god.
  2607 | D:3      | Reached XP level 5. HP: 27/47 MP: 4/4
  2937 | D:4      | Noticed Pikel
  2937 | D:4      | Noticed a lemure
  2938 | D:4      | Noticed a lemure
  2945 | D:4      | Noticed a lemure
  2945 | D:4      | Noticed a lemure
  2952 | D:4      | Reached skill level 5 in Fighting
  2954 | D:4      | Reached skill level 5 in Armour
  2954 | D:4      | Reached skill level 5 in Shields
  2963 | D:4      | Killed Pikel
  2964 | D:4      | Reached skill level 5 in Axes
  2964 | D:4      | Reached XP level 6. HP: 40/57 MP: 5/5
  2964 | D:4      | Reached XP level 7. HP: 44/63 MP: 6/6
  3822 | D:5      | Entered Level 5 of the Dungeon
  4091 | D:5      | Reached XP level 8. HP: 68/71 MP: 7/7
  4975 | D:6      | Found a broken altar of Ashenzari.
  4975 | D:6      | Found an iron altar of Okawaru.
  5084 | D:6      | Became a worshipper of Warmaster Okawaru
  5104 | D:6      | Found a sand-covered staircase.
  5115 | Ossuary  | Entered an ossuary
  5656 | D:6      | Found a staircase to the Ecumenical Temple.
  5777 | D:7      | HP: 2/74 [something (4)]
  5777 | D:7      | Slain by a sky beast

Illustrated notes

Levels and vault maps discovered:
D:1:      minmay_arrival_loop, layout_basic, minmay_misc_feat_square,
          minmay_surrounded
D:2:      layout_loops_corners, uniq_terence
D:3:      layout_loops_ring, shapermc_ecumenical_altar_notcrosses,
          chequers_serial_rivers_large_b
D:4:      layout_basic, kennysheep_pointless_box, minmay_crystal_room,
          amcnicky_mini_rare_corridor_liquid, uniq_pikel
D:5:      layout_basic
D:6:      minmay_evil_eye, layout_basic, grunt_temple_overflow_open,
          minmay_temple_entry_nine_rooms, enter_ossuary_1
D:7:      layout_loops_cross, gammafunk_ghost_abyssal_escape, serial_shops,
          nicolae_lakefront_shop, kennysheep_generic_room_13

Skill      XL: |  1  2  3  4  5  6  7  8 |
---------------+-------------------------+-----
Armour         | 4 6 7 |  7.5
Shields        | 4 6 7 |  7.6
Fighting       | 4 6 7 |  7.6
Axes           | 3 5 6 7 |  7.1

Action                   |  1- 3 |  4- 6 |  7- 9 || total
-------------------------+-------+-------+-------++-------
Melee: War axe           |   100 |    68 |   238 ||   406
       Headbutt          |    12 |    16 |    41 ||    69
Throw: Boomerang         |       |       |     2 ||     2
       Dart              |       |       |     1 ||     1
  Use: Scroll            |       |       |     5 ||     5
       Potion            |       |       |     2 ||     2
Armor: Scale mail        |    37 |    34 |     1 ||    72
       Chain mail        |       |       |    51 ||    51
       Plate armour      |       |       |    79 ||    79
Dodge: Dodged            |    46 |    26 |    68 ||   140
Block: Buckler           |    29 |    17 |    45 ||    91
